 Dungeon Crawl Stone Soup version 0.17.0 (webtiles) character file.

213 Eucla the Insei (level 5, -1/37 HPs)
             Began as an Octopode Monk on Nov 21, 2015.
             Was a Believer of Nemelex Xobeh.
             Shot with an arrow by a centaur (10 damage)
             ... on level 4 of the Dungeon.
             The game lasted 00:04:11 (2646 turns).

Eucla the Insei (Octopode Monk)                     Turns: 2646, Time: 00:04:11

Health: -1/37      AC:  1    Str: 16    XL:     5   Next: 90%
Magic:  14/14      EV: 14    Int: 13    God:    Nemelex Xobeh [**....]
Gold:   205        SH:  0    Dex: 14    Spells: 0 memorised, 4 levels left

rFire  . . .     SeeInvis .       - Unarmed
rCold  + + .     Clarity  .     (no shield)
rNeg   + . .     SustAt   .     (helmet restricted)
rPois  .         Gourm    .     (no amulet)
rElec  .         Spirit   .     e - +5 ring of strength
rCorr  .         Warding  .     k - ring of protection from cold
rMut   .         Stasis   .     r - ring of protection from cold
MR     .....                    t - ring of positive energy
Stlth  +++.......               u - ring of magical power
                                (no ring)
                                (no ring)
                                (no ring)

@: not resistant to hostile enchantments, fairly stealthy
A: almost no armour, amphibious, 8 rings, constrict 8, camouflage 1, gelatinous
body 1
a: Renounce Religion


You were on level 4 of the Dungeon.
You worshipped Nemelex Xobeh.
Nemelex Xobeh was pleased with you.
You were not hungry.

You visited 2 branches of the dungeon, and saw 5 of its levels.

You collected 205 gold pieces.

Inventory:

Jewellery
 e - a +5 ring of strength (left tentacle)
 k - a ring of protection from cold (right tentacle)
 r - a ring of protection from cold (on tentacle)
 t - a ring of positive energy (on tentacle)
 u - a ring of magical power (on tentacle)
Wands
 v - a wand of frost (25)
Scrolls
 d - 2 scrolls of amnesia {unknown}
 f - 4 scrolls of random uselessness {unknown}
 g - 2 scrolls of enchant weapon {unknown}
 i - 3 scrolls of noise {unknown}
 o - 2 scrolls of fog {unknown}
 p - 2 scrolls of remove curse {unknown}
 s - a scroll of recharging {unknown}
 w - a scroll of identify {unknown}
 y - 2 scrolls of teleportation {unknown}
Potions
 c - a potion of invisibility {unknown}
 h - a potion of resistance {unknown}
 l - a potion of lignification {unknown}
 m - 3 potions of might {unknown}
 n - 2 potions of cancellation {unknown}
Miscellaneous
 z - a plain deck of destruction
 A - a plain deck of destruction
 B - a plain deck of war {drawn: 2}
Comestibles
 a - 2 bread rations
 j - 2 meat rations
 q - a royal jelly
 x - 2 chunks of flesh


   Skills:
 - Level 3.8 Fighting
 + Level 4.1 Dodging
 - Level 2.6 Stealth
 * Level 5.6 Unarmed Combat
 + Level 0.9 Evocations


You had 4 spell levels left.
You didn't know any spells.

Dungeon Overview and Level Annotations

Branches:
Dungeon (4/15)             Temple (1/1) D:4

Altars:
Dithmenos
Fedhas
Makhleb
Nemelex Xobeh
Qazlal
Ru
Xom
Yredelemnul
Zin


Innate Abilities, Weirdness & Mutations

You cannot wear most types of armour.
You are amphibious.
You can wear up to eight rings at the same time.
You can use your tentacles to constrict eight enemies at once.
Your skin changes colour to match your surroundings (Stealth).
Your rubbery body absorbs attacks (AC +1).


Message History

Something smites you!
* * * LOW HITPOINT WARNING * * *
The orc hits you from afar with a trident.
* * * LOW HITPOINT WARNING * * *
Evoke which item? (* to show all) (? for menu, Esc to quit)
You draw a card...
It is the Pentagram.
You constrict the orc priest.
You kill the orc priest!
The centaur barely misses you. The centaur hits you.
* * * LOW HITPOINT WARNING * * *
The orc completely misses you.
Unknown command.
Drink which item? (? for menu, Esc to quit)
You feel better. The centaur closely misses you.
The orc hits you but does no damage.
Unknown command.
You swap places.
The centaur wields a shortbow.
The centaur shoots an arrow.
The arrow closely misses your hell hound.
The arrow hits you!
You die...
Your body disappears without a glow.

### .........## ..##
#.........# ...##
#.........# ....##
#......S..# .....#
#....o...# ..8>8##
#...oo..# ......#
#....co## ......#
##...4h.#
..[...####....#.@##
.............##...####
......#.....####..#..#
......####...###.....#
.....## ##...###....#
.....# ##...##....#
....## ##........#
...# ##...#..## ###
##......#


You could see a centaur, 3 orc priests, an adder, an orc, a friendly blue devil
and a friendly hell hound.

Vanquished Creatures
  An orc priest (D:4)
  A hound (D:4)
  A worker ant (D:4)
  A gnoll (D:1)
  5 adders
  An ooze (D:3)
  4 worms (D:3)
  A giant gecko (D:4)
  4 bats
  5 hobgoblins
  9 kobolds
  3 quokkas (D:2)
  2 giant cockroaches
  3 giant newts
  10 goblins
  8 jackals
  A quokka skeleton (D:4)
  5 rats
65 creatures vanquished.

Notes
Turn   | Place    | Note
--------------------------------------------------------------
     0 | D:1      | Eucla the Octopode Monk began the quest for the Orb.
     0 | D:1      | Reached XP level 1. HP: 16/16 MP: 1/1
   220 | D:1      | Reached XP level 2. HP: 21/21 MP: 2/2
   608 | D:1      | Reached XP level 3. HP: 26/26 MP: 3/3
  1165 | D:2      | Reached XP level 4. HP: 31/31 MP: 4/4
  1523 | D:3      | Reached skill level 5 in Unarmed Combat
  1787 | D:3      | Found a stormy altar of Qazlal.
  1800 | D:3      | Reached XP level 5. HP: 23/37 MP: 5/5
  2516 | D:4      | Found a staircase to the Ecumenical Temple.
  2541 | Temple   | Entered the Ecumenical Temple
  2571 | Temple   | Became a worshipper of Nemelex Xobeh the Trickster
  2571 | Temple   | Received a gift from Nemelex Xobeh
  2571 | Temple   | Reached * piety under Nemelex Xobeh
  2571 | Temple   | Received a gift from Nemelex Xobeh
  2571 | Temple   | Received a gift from Nemelex Xobeh
  2571 | Temple   | Reached ** piety under Nemelex Xobeh
  2638 | D:4      | Noticed a centaur
  2644 | D:4      | HP: 1/37 [centaur (6)]
  2646 | D:4      | Shot with an arrow by a centaur

Action                   |  1- 3 |  4- 6 || total
-------------------------+-------+-------++-------
Melee: Unarmed           |    67 |    71 ||   138
Evoke: Deck              |       |     2 ||     2
  Use: Potion            |     1 |     1 ||     2
 Stab: Sleeping          |    11 |    12 ||    23
       Distracted        |     1 |       ||     1
  Eat: Chunk             |       |     5 ||     5
